 Dungeon Crawl Stone Soup version 0.16.0-17-g811c1d7 (webtiles) character file.

445 valak23 the Ducker (level 6, -19/51 HPs)
             Began as a Draconian Warper on Mar 21, 2015.
             Was a Follower of Elyvilon (penitent).
             Demolished by an ogre
             ... wielding a +0 giant club
              (25 damage)
             ... on level 5 of the Dungeon.
             The game lasted 00:13:41 (3714 turns).

valak23 the Ducker (Draconian Warper)               Turns: 3714, Time: 00:13:42

Health: -19/51     AC:  6    Str: 16    XL:     6   Next: 72%
Magic:  10/10      EV: 13    Int: 13    God:    Elyvilon [*]
Gold:   200        SH:  0    Dex: 10    Spells: 2 memorised, 6 levels left

rFire  . . .     SeeInvis .     a - +0 hand axe
rCold  . . .     Clarity  .     (armour unavailable)
rNeg   . . .     SustAb   .     (no shield)
rPois  .         Gourm    .     (helmet restricted)
rElec  .         Spirit   .     (no cloak)
rCorr  .         Warding  .     (no gloves)
rMut   .         Stasis   .     (no boots)
MR     .....                    (no amulet)
Stlth  +.........               (no ring)
                                (no ring)

@: not resistant to hostile enchantments, very unstealthy
A: unfitting armour, cold-blooded, AC +6
a: Renounce Religion


You were on level 5 of the Dungeon.
You worshipped Elyvilon.
Elyvilon was demanding penance.
You were not hungry.

You visited 1 branch of the dungeon, and saw 5 of its levels.

You collected 200 gold pieces.

Inventory:

Hand weapons
 a - a +0 hand axe (weapon)
Missiles
 e - 5 tomahawks of dispersal (quivered)
Jewellery
 b - an uncursed ring of see invisible {unknown}
 h - a +1 ring of evasion {unknown}
Scrolls
 d - 2 scrolls of blinking
 g - 6 scrolls of identify
 o - 3 scrolls of teleportation
 p - a scroll of enchant armour {unknown}
Potions
 j - 4 potions of haste {unknown}
 k - a potion of poison {unknown}
 l - a potion of cure mutation {unknown}
 n - 2 potions of ambrosia {unknown}
Books
 c - a book of Spatial Translocations

   Spells                             Type                      Level
   a - Apportation                    Translocation                1
   b - Blink                          Translocation                2
   c - Shroud of Golubria             Charms/Translocation         2
   d - Portal Projectile              Translocation                3
   e - Teleport Other                 Translocation                3
   f - Passage of Golubria            Translocation                4
 f - a book of Enchantments

   Spells                             Type                      Level
   a - Tukima's Dance                 Hexes                        3
   b - Cause Fear                     Hexes                        4
   c - Silence                        Hexes/Air                    5
   d - Deflect Missiles               Charms/Air                   6
   e - Haste                          Charms                       6
   f - Discord                        Hexes                        8
Comestibles
 i - a slice of pizza
 m - 2 bread rations


   Skills:
 + Level 3.6 Fighting
 * Level 4.2 Axes
 + Level 0.8 Throwing
 + Level 4.8 Dodging
 - Level 0.2 Stealth
 + Level 2.2 Spellcasting
 + Level 3.3 Translocations


You had 6 spell levels left.
You knew the following spells:

 Your Spells              Type           Power        Failure   Level  Hunger
a - Apportation           Tloc           ##........   10%         1    ##.....
b - Blink                 Tloc           N/A          12%         2    ###....


Dungeon Overview and Level Annotations

Branches:
Dungeon (5/15)
 Temple: D:4-7

Altars:
Elyvilon
Gozag
Yredelemnul

Shops:
D:4 !


Innate Abilities, Weirdness & Mutations

Your plain brown scales are hard (AC +6).
Your body does not fit into most forms of armour.
Your cold-blooded metabolism reacts poorly to cold.


Message History

You kill the jelly!
The bat hits you but does no damage.
You barely miss the ogre. The ogre closely misses you.
You closely miss the ogre. The ogre closely misses you.
You hit the ogre.
The ogre is lightly wounded.
The ogre closely misses you.
You hit the ogre but do no damage.
The ogre is lightly wounded.
The ogre hits you with a giant club!!
* * * LOW HITPOINT WARNING * * *
You hit the ogre but do no damage.
The ogre is lightly wounded.
The ogre closely misses you.
You hit the ogre.
The ogre is moderately wounded.
You hit the ogre!
The ogre is heavily wounded.
The ogre hits you with a giant club!!
You die...

. ..# ##
..# #..###
##..#
#.<###...#
###@Ob).#
###r..#
#...#
.._...
.%......
........#
...⌠....
........
...


You could see an ogre, a quokka and a bat.

Vanquished Creatures
  Duvessa (D:4)
  A scorpion (D:4)
  Dowan (D:4)
  A jelly (D:5)
  An orc wizard (D:4)
  An iguana (D:4)
  Robin (D:2)
  3 adders
  A giant mite (D:3)
  3 worms
  4 giant geckos
  2 oozes
  11 orcs
  12 bats
  A bat skeleton (D:4)
  9 giant cockroaches
  22 goblins
  11 hobgoblins
  7 jackals
  4 quokkas
  2 giant newts
  12 kobolds
  9 rats
120 creatures vanquished.

Notes
Turn   | Place    | Note
--------------------------------------------------------------
     0 | D:1      | valak23, the Draconian Warper, began the quest for the Orb.
     0 | D:1      | Reached XP level 1. HP: 17/17 MP: 3/3
    79 | D:1      | Reached XP level 2. HP: 9/24 MP: 4/4
   398 | D:1      | Reached XP level 3. HP: 30/30 MP: 6/6
   659 | D:2      | Found a white marble altar of Elyvilon.
   672 | D:2      | Became a worshipper of Elyvilon the Healer
   947 | D:2      | Found a basalt altar of Yredelemnul.
  1245 | D:2      | Reached XP level 4. HP: 4/37 MP: 7/7
  1559 | D:2      | Noticed Robin
  1578 | D:2      | Killed Robin
  2176 | D:3      | Learned a level 2 spell: Blink
  2364 | D:3      | Acquired Elyvilon's first power
  2498 | D:3      | Reached XP level 5. HP: 44/44 MP: 9/9
  2760 | D:4      | Reached skill level 4 in Dodging
  3145 | D:4      | Reached XP level 6. HP: 30/51 MP: 10/10
  3317 | D:4      | Noticed Duvessa
  3339 | D:4      | Killed Duvessa
  3341 | D:4      | Noticed Dowan
  3353 | D:4      | Elyvilon protects you from harm!
  3364 | D:4      | Killed Dowan
  3364 | D:4      | Was placed under penance by Elyvilon
  3589 | D:4      | Found Qouxaal's Distillery.
  3690 | D:5      | Entered Level 5 of the Dungeon
  3692 | D:5      | Found an opulent altar of Gozag.
  3714 | D:5      | Demolished by an ogre

Action                   |  1- 3 |  4- 6 || total
-------------------------+-------+-------++-------
Melee: Hand axe          |   172 |   192 ||   364
Invok: Divine Protection |       |     1 ||     1
  Use: Potion            |     1 |     1 ||     2
       Scroll            |       |     7 ||     7
  Eat: Bread ration      |     1 |       ||     1
       Meat ration       |       |     1 ||     1
